 Dungeon Crawl Stone Soup version 0.19-a0-749-g66ae36b (webtiles) character file.

1743 Moloch the Archer (level 8, -3/54 (56) HPs)
             Began as a High Elf Hunter on June 24, 2016.
             Slain by an orc warrior
             ... wielding a +0 halberd
              (11 damage)
             ... on level 7 of the Dungeon.
             The game lasted 00:12:41 (6214 turns).

Moloch the Archer (High Elf Hunter)                 Turns: 6214, Time: 00:12:42

HP:   -3/54 (56)    AC: 10    Str: 13    XL:     8   Next: 77%
MP:   9/9           EV: 15    Int: 15    God:
Gold: 368           SH:  0    Dex: 16    Spells: 0 memorised, 7 levels left

rFire  . . .     SeeInvis +     B - +2 war axe (elec)
rCold  . . .     Gourm    +     j - +0 ring mail
rNeg   . . .     Faith    .     (no shield)
rPois  .         Spirit   .     O - +2 hat
rElec  .         Dismiss  .     (no cloak)
rCorr  .         Reflect  .     i - +0 pair of gloves
SustAt .         Harm     .     x - +0 pair of boots
MR     .....                    C - amulet of the gourmand
Stlth  +.........               (no ring)
                                E - ring of see invisible

@: not resistant to hostile enchantments, very unstealthy
A: no striking features
a: no special abilities


You were on level 7 of the Dungeon.
You were completely stuffed.

You visited 1 branch of the dungeon, and saw 7 of its levels.

You collected 368 gold pieces.

Inventory:

Hand Weapons
 a - a +1 shortbow
 B - a +2 war axe of electrocution (weapon)
Missiles
 d - 148 arrows
Armour
 i - a +0 pair of gloves (worn)
 j - a +0 ring mail (worn)
 x - a +0 pair of boots (worn)
 O - a +2 hat (worn)
Jewellery
 C - an amulet of the gourmand (around neck)
 E - a ring of see invisible (left hand)
Wands
 u - a wand of digging (1/24)
 J - a wand of acid (1/15)
 L - a wand of polymorph (4/24)
 M - a wand of confusion (25/48)
Scrolls
 b - 2 scrolls of immolation {unknown}
 h - 2 scrolls of teleportation {unknown}
 k - a scroll of noise {unknown}
 m - 6 scrolls of remove curse {unknown}
 n - 3 scrolls of magic mapping {unknown}
 r - 2 scrolls of recharging {unknown}
 y - 11 scrolls of identify {unknown}
 z - a scroll of enchant armour {unknown}
 G - a scroll of fog {unknown}
 I - 4 scrolls of enchant weapon {unknown}
 K - a scroll of fear {unknown}
 P - 2 scrolls of blinking {unknown}
Potions
 c - 2 potions of heal wounds {unknown}
 e - 6 potions of curing {unknown}
 l - 2 potions of agility {unknown}
 o - a potion of invisibility {unknown}
 v - 2 potions of haste {unknown}
 w - a potion of berserk rage {unknown}
 A - a potion of mutation {unknown}
 D - 2 potions of degeneration {unknown}
 F - 2 potions of lignification {unknown}
 H - a potion of flight {unknown}
 Q - 2 potions of brilliance {unknown}
Comestibles
 f - 10 bread rations
 g - 6 meat rations
 p - a slice of pizza
 q - a beef jerky
 s - a fruit
 t - a royal jelly
 N - 2 chunks of flesh


   Skills:
 * Level 5.5 Fighting
 * Level 8.7 Bows
 * Level 4.6 Armour
 * Level 7.5 Dodging
 - Level 1.1 Stealth


You had 7 spell levels left.
You didn't know any spells.

Dungeon Overview and Level Annotations

Branches:
Dungeon (7/15)
 Temple: D:4-7

Altars:
Cheibriados
Pakellas
Uskayaw

Shops:
D:4 (


Message History

The orc is heavily wounded.
The orc completely misses you.
The orc warrior hits you with a halberd!!
Unknown command.
You slash the orc!
There is a sudden explosion of sparks!
You kill the orc!
You closely miss the orc warrior.
The orc warrior hits you with a halberd!
* * * LOW HITPOINT WARNING * * *
Unknown command.
You are too injured to fight recklessly!
Unknown command.
You are too injured to fight recklessly!
You are too injured to fight recklessly!
Unknown command.
You hit the orc warrior but do no damage.
There is a sudden explosion of sparks!
The orc warrior is severely wounded.
The orc warrior hits you with a halberd!
You die...

...#.##).## #O .# ......#...##
### .##.# ......#....# #.. ...#
.......#...# #.# #..#
.........#.# #.# ##O.##
...........####.# ##....#
.........#......# ##.....#..
.#...........#)#####..........
#####.#......#oo@)[............
#..#......#####.............
#..##......# #.........)... #.#
#...<..# #............. ..
#....... ..............
#....... ####..........
##.....#.. ######


You could see an orc warrior and an orc.

Vanquished Creatures
  A necrophage (D:5)
  A phantom (D:4)
  5 ogres
  A centaur (D:6)
  A giant frog (D:7)
  A gnoll sergeant (D:5)
  3 wights (D:6)
  A centaur zombie (D:6)
  3 crimson imps
  A giant frog skeleton (D:7)
  3 orc priests
  4 hounds
  Jessica (D:2)
  4 orc wizards
  A worker ant (D:4)
  2 hound zombies (D:7)
  A hound skeleton (D:4)
  6 gnolls
  7 adders
  A shadow imp (D:6)
  2 dart slugs
  5 giant geckos
  25 orcs
  9 bats
  2 giant cockroaches
  8 goblins
  6 hobgoblins
  3 kobolds
  2 quokkas
  3 ball pythons
  10 giant newts
  A jackal zombie (D:5)
  3 rats (D:1)
127 creatures vanquished.

Notes
Turn   | Place    | Note
--------------------------------------------------------------
     0 | D:1      | Moloch the High Elf Hunter began the quest for the Orb.
     0 | D:1      | Reached XP level 1. HP: 14/14 MP: 2/2
   559 | D:1      | Reached XP level 2. HP: 19/19 MP: 3/3
   900 | D:1      | Reached skill level 6 in Bows
  1634 | D:2      | Reached XP level 3. HP: 25/25 MP: 4/4
  1639 | D:2      | Noticed Jessica
  1680 | D:2      | Killed Jessica
  1680 | D:2      | Reached XP level 4. HP: 30/30 MP: 5/5
  1769 | D:2      | Found an oddly glowing altar of Pakellas.
  2043 | D:2      | Found a faded altar of an unknown god.
  2250 | D:3      | Reached XP level 5. HP: 35/36 MP: 6/6
  2767 | D:4      | Found Yzefopn's Weapon Shop.
  2849 | D:4      | Noticed a phantom
  2852 | D:4      | Reached skill level 7 in Bows
  2867 | D:4      | Killed a phantom
  2962 | D:4      | Noticed an ogre
  2971 | D:4      | Killed an ogre
  2971 | D:4      | Reached skill level 1 in Armour
  2971 | D:4      | Reached XP level 6. HP: 42/42 MP: 7/7
  3432 | D:4      | Reached skill level 8 in Bows
  3432 | D:4      | Reached skill level 5 in Dodging
  3688 | D:5      | Entered Level 5 of the Dungeon
  4045 | D:5      | Reached XP level 7. HP: 40/46 MP: 8/8
  4206 | D:5      | Found a hide-covered altar of Uskayaw.
  4611 | D:6      | Found a snail-covered altar of Cheibriados.
  5386 | D:6      | Reached XP level 8. HP: 52/52 MP: 9/9
  5673 | D:6      | Reached skill level 5 in Fighting
  6214 | D:7      | Slain by an orc warrior

Vault maps used:
D:1:      dpeg_arrival_three_same_balls
D:2:      ecumenical_altar_1, johnstein_pakellas_dig, uniq_jessica
D:3:      minmay_misc_feat_ornament
D:4:      serial_shops, shop_statue, nicolae_underground_beach
D:5:      kennysheep_mini, first_bread
D:6:      kennysheep_slug_shrine
D:7:      serial_shops, shop_fountains, grunt_ogre_cave

Skill      XL: |  1  2  3  4  5  6  7  8 |
---------------+-------------------------+-----
Bows           | 6 7 8 |  8.7
Dodging        | 3 4 5 6 7 |  7.5
Fighting       | 3 4 5 |  5.5
Armour         | 1 3 4 |  4.6
Stealth        | |  1.1

Action                   |  1- 3 |  4- 6 |  7- 9 || total
-------------------------+-------+-------+-------++-------
Melee: Short sword       |    77 |    32 |       ||   109
       War axe           |       |    94 |   170 ||   264
 Fire: Shortbow          |    15 |    29 |     9 ||    53
Evoke: Wand              |       |       |     1 ||     1
 Stab: Sleeping          |     1 |       |       ||     1
  Eat: Chunk             |     2 |     8 |    23 ||    33
Armor: Leather armour    |    10 |       |       ||    10
       Ring mail         |    23 |    61 |    54 ||   138
Dodge: Dodged            |    51 |   126 |   172 ||   349
